 Dungeon Crawl Stone Soup version 0.30-a0-691-g754fce4c43 (webtiles) character file.

Game seed: 18314608546642665085

21 Darius099 the Shield-Bearer (level 2, 0/19 HPs)
             Began as a Gargoyle Fighter on Jan 19, 2023.
             Slain by a goblin
             ... wielding a +0 club
             ... led by Robin
              (2 damage)
             ... on level 1 of the Dungeon.
             The game lasted 00:01:27 (855 turns).

Darius099 the Shield-Bearer (Gargoyle Fighter)       Turns: 855, Time: 00:01:28

Health: 0/19       AC: 10    Str: 19    XL:     2   Next: 87%
Magic:  2/2        EV:  9    Int:  8    God:
Gold:   85         SH:  4    Dex:  9    Spells: 1/1 levels left

rFire   . . .      SeeInvis .    a - +0 flail
rCold   . . .      Faith    .    c - +0 buckler
rNeg    + . .      Spirit   .    b - +0 scale mail
rPois   ∞          Reflect  .    (no helmet)
rElec   +          Harm     .    (no cloak)
rCorr   .          Rampage  .    (no gloves)
Will    .....                    i - +0 pair of boots Stlth
                                 (no amulet)
HPRegen 0.23/turn                (no ring)
MPRegen 0.08/turn                (no ring)

@: no status effects
A: sickness immunity, AC +2, negative energy resistance 1, electricity
resistance, torment resistance 1, petrification resistance
a: no special abilities


You were on level 1 of the Dungeon.
You visited 1 branch of the dungeon, and saw 2 of its levels.

You collected 85 gold pieces.

Inventory:

Hand Weapons
 a - a +0 flail (weapon)
Armour
 b - a +0 scale mail (worn)
 c - a +0 buckler (worn)
 i - a +0 pair of boots (worn)
Scrolls
 h - a scroll of vulnerability {unknown}
 j - a scroll of immolation {unknown}
 k - a scroll of identify {unknown}
Potions
 d - a potion of might
 e - 2 potions of curing {unknown}
 f - a potion of heal wounds {unknown}
 g - a potion of flight {unknown}


   Skills:
 + Level 3.6 Fighting
 + Level 2.3 Maces & Flails
 + Level 3.5 Armour
 + Level 3.6 Shields


You had one spell level left.
You didn't know any spells.
Your spell library contained the following spells:

 Spells                   Type           Power      Damage    Failure   Level
 Blink                    Tloc           0%         N/A       94%         2
 Lesser Beckoning         Tloc           0%         N/A       94%         2
 Momentum Strike          Conj/Tloc      0%         3d8       94%         2


Dungeon Overview and Level Annotations

Branches:
Dungeon (2/15)

Altars:

Annotations:
D:2 Robin


Innate Abilities, Weirdness & Mutations

You are immune to sickness and miasma.
Your stone body is resilient. (AC +2)
You are immune to poison.
You resist negative energy. (rN+)
You are resistant to electric shocks. (rElec)
You are resistant to unholy torment.
You are immune to petrification.


Message History

You are too injured to fight recklessly!
You are too injured to fight recklessly!
You are too injured to fight recklessly!
You miss the goblin.
The jackal bites you but does no damage.
The goblin hits you but does no damage.
The jackal bites you but does no damage.
The goblin hits you but does no damage. The goblin barely misses you.
You miss the goblin. The jackal barely misses you.
You block the goblin's attack. The goblin hits you but does no damage.
The goblin barely misses you. The jackal barely misses you.
You hit the goblin.
The goblin is heavily wounded.
You block the jackal's attack. The goblin hits you but does no damage.
You block the goblin's attack. The goblin hits you but does no damage.
The goblin hits you with a +0 club. The goblin barely misses you.
You block the jackal's attack. The goblin hits you with a +0 dagger.
* * * LOW HITPOINT WARNING * * *
You closely miss the goblin.
The goblin is heavily wounded.
You block the jackal's attack. The goblin hits you but does no damage.
The goblin closely misses you. The goblin hits you but does no damage.
The jackal closely misses you.
You closely miss the goblin.
The goblin is heavily wounded.
The jackal bites you but does no damage.
You block the goblin's attack. The goblin barely misses you.
You block the goblin's attack. The jackal closely misses you.
You closely miss the goblin.
The goblin is heavily wounded.
You block the goblin's attack. The goblin completely misses you.
The goblin barely misses you. The jackal barely misses you.
The goblin hits you but does no damage. You block the goblin's attack.
The goblin hits you but does no damage. The jackal closely misses you.
You closely miss the goblin.
The goblin is moderately wounded.
You block the jackal's attack. The goblin hits you with a +0 dagger.
* * * LOW HITPOINT WARNING * * *
The goblin hits you with a +0 club.
You die...

#...#.#.#.#.#...........# #.#
#.#.#.#.#.#.###########.# #.#
#.#.#.................#.# #.#
#.#.#...#.#.#########.#.# #.#
#.#.#...#.#.#######.#.#.# #.#
#.#.....#.#.##........#.# #.###
...................>..#.# #....
#.........#....g.h.^).#.# #####
.............#hg@g....#.#
....#..####...#####...#.#
....##.####...........#.#
....##.##......#.#....#.#########
#####...#....#........#..........
....##.##....###.....############
....##.##...........).....#
....#...#...######..#####.#
....##.##......# #..# #.#


You could see 2 jackals and 3 goblins.

Vanquished Creatures
  A dart slug (D:1)
  A ball python (D:1)
  2 bats (D:1)
  An endoplasm (D:1)
  A giant cockroach (D:1)
  A goblin (D:1)
  2 hobgoblins (D:1)
  4 jackals (D:1)
  A quokka (D:1)
  A frilled lizard (D:1)
  A rat (D:1)
16 creatures vanquished.

Notes
Turn   | Place    | Note
-------+----------+-------------------------------------------
     0 | D:1      | Darius099 the Gargoyle Fighter began the quest for the Orb.
     0 | D:1      | Reached XP level 1. HP: 14/14 MP: 1/1
   144 | D:1      | Reached XP level 2. HP: 17/19 MP: 2/2
   838 | D:2      | Noticed Robin
   855 | D:1      | Slain by a goblin

Illustrated notes

Levels and vault maps discovered:
D:1:      tekkud_arrival_beachfront_property, layout_basic,
          amcnicky_mini_corridor_feature
D:2:      layout_loops_cross, ebering_ecumenical_altar_rust, uniq_robin,
          uniq_crazy_yiuf_cottage

Action                   || total
-------------------------++-------
Melee: Flail             ||    49
Armor: Scale mail        ||    37
Dodge: Dodged            ||    36
Block: Buckler           ||    18

Table legend: (Time is in decaauts)
 A = Elapsed time spent in this place.
 B = Non-inter-level travel time spent in this place.
 C = Inter-level travel time spent in this place.
 D = Time resting spent in this place.
 E = Time spent auto-exploring this place.
 F = Levels seen in this place.
 G = Mean time per level.
                   A        B        C        D        E       F      G
               +--------+--------+--------+--------+--------+-----+--------+
         Total |    872 |    833 |     39 |      0 |    647 |   2 |  436.0 |
       Dungeon |    872 |    833 |     39 |      0 |    647 |   2 |  436.0 |
               +--------+--------+--------+--------+--------+-----+--------+

Top non-repeatable levels by time:
     D:1: 867 daAuts
     D:2: 4 daAuts
